 Dungeon Crawl Stone Soup version 0.29-a0-334-gb41bcbb86e (webtiles) character file.

Game seed: 15756950707175785823

78955 enile the Earth Mage (level 16, 0/122 HPs)
             Began as a Formicid Fighter on Apr 14, 2022.
             Was the Champion of Fedhas.
             Slain by a five-headed hydra (2 damage)
             ... while petrified by a catoblepas
             ... on level 13 of the Dungeon on Apr 15, 2022.
             The game lasted 01:24:37 (41033 turns).

enile the Earth Mage (Formicid Fighter)            Turns: 41033, Time: 01:24:38

Health: 0/122      AC:  6    Str: 24    XL:     16   Next: 10%
Magic:  2/29       EV:  2    Int: 19    God:    Fedhas [******]
Gold:   1863       SH:  0    Dex: 18    Spells: 21/33 levels left

rFire   + . .      SeeInvis +   P - +3 quarterstaff (spect)
rCold   + . .      Faith    .   K - +2 kite shield {AC+3}
rNeg    + + +      Spirit   .   W - +1 robe "Gataduik" {Will- Dex+6 Slay+5}
rPois   ∞          Reflect  .   (helmet unavailable)
rElec   .          Harm     .   (no cloak)
rCorr   .          Rampage  .   (no gloves)
Will    +++..                   (no boots)
Stlth   +++.......              D - necklace of Bloodlust {*Rage Will++ Int-3 Slay+6}
HPRegen 1.10/turn               b - +6 ring of intelligence
MPRegen 0.21/turn               J - ring of Fixation {rF+ rC+ Str+2 Int+3}

@: petrified, studying Maces & Flails
A: permanent stasis, dig shafts and tunnels, antennae 3, four strong arms,
strong-willed 1, regeneration 1
a: Dig, Shaft Self, Renounce Religion, Wall of Briars, Grow Ballistomycete,
Overgrow, Grow Oklob


You were on level 13 of the Dungeon.
You worshipped Fedhas.
Fedhas was exalted by your worship.
You visited 4 branches of the dungeon, and saw 22 of its levels.
You visited the Abyss 1 time.
You also visited: Sewer and Volcano.

You collected 2390 gold pieces.
You spent 527 gold pieces at shops.

Inventory:

Hand Weapons
 q - the +10 war axe "Doithiy" {vorpal, rPois rCorr Int+2}
   (You found it on level 10 of the Dungeon)

   It inflicts extra damage upon your enemies.
   Int:       It affects your intelligence (+2).
   rPois:     It protects you from poison.
   rCorr:     It protects you from acid and corrosion.
 L - a +0 battleaxe of venom
 P - a +3 spectral quarterstaff (weapon)
 Y - the +4 quarterstaff of the Last Friars {distort, *Rage rElec Str+9}
   (You found it on level 5 of the Lair of Beasts)

   It warps and distorts space around it, and may blink, banish, or inflict
   extra damage upon those it strikes.
   Unwielding it can cause banishment or high damage.
   Str:       It affects your strength (+9).
   rElec:     It insulates you from electricity.
   *Rage:     It berserks you when you make melee attacks (+20% chance).
Missiles
 e - a throwing net (quivered)
 M - 3 atropa-tipped darts
Armour
 a - an orb of mayhem
 s - a +2 robe of willpower
 E - a +1 leather armour of cold resistance
 I - +0 steam dragon scales
 K - a +2 kite shield of protection (worn)
 W - the +1 robe "Gataduik" (worn) {Will- Dex+6 Slay+5}
   (You found it on level 4 of the Lair of Beasts)

   Dex:       It affects your dexterity (+6).
   Slay:      It affects your accuracy & damage with ranged weapons and melee
   (+5).
   Will:      It decreases your willpower.
Jewellery
 b - a +6 ring of intelligence (left hand)
 g - a ring of willpower
 k - the ring "Zavoj" {EV+4 Str+4 Stlth-}
   (You acquired it on level 8 of the Dungeon)

   [ring of evasion]

   EV:        It affects your evasion (+4).
   Str:       It affects your strength (+4).
   Stlth:     It makes you less stealthy.
 l - a ring of resist corrosion
 p - an amulet of guardian spirit
 t - a ring of willpower
 z - a ring of poison resistance
 D - the necklace of Bloodlust (around neck) {*Rage Will++ Int-3 Slay+6}
   (You found it on level 12 of the Dungeon)

   [amulet of nothing]

   It extends the wearer's berserk rage when killing foes.
   Int:       It affects your intelligence (-3).
   Slay:      It affects your accuracy & damage with ranged weapons and melee
   (+6).
   *Rage:     It berserks you when you make melee attacks (+50% chance).
   Will:      It greatly increases your willpower.
 J - the ring of Fixation (right hand) {rF+ rC+ Str+2 Int+3}
   (You found it on level 8 of the Dungeon)

   [ring of protection from cold]

   Str:       It affects your strength (+2).
   Int:       It affects your intelligence (+3).
   rF:        It protects you from fire.
   rC:        It protects you from cold.
 X - a ring of fire
 Z - a +4 ring of protection
Wands
 f - a wand of paralysis (4)
 m - a wand of polymorph (21)
 n - a wand of iceblast (4)
 C - a wand of mindburst (4)
 N - a wand of flame (8)
 V - a wand of acid (3)
Scrolls
 h - 6 scrolls of fear
 j - 4 scrolls of blinking
 u - 6 scrolls of vulnerability
 y - a scroll of enchant armour
 B - 7 scrolls of teleportation
 G - 4 scrolls of immolation
 H - a scroll of fog
 O - a scroll of torment
 S - a scroll of amnesia
 U - 3 scrolls of identify
Potions
 c - 2 potions of lignification
 d - 7 potions of might
 i - 2 potions of cancellation
 r - 6 potions of attraction
 v - 2 potions of haste
 w - 4 potions of berserk rage
 x - 3 potions of flight
 A - 2 potions of ambrosia
 F - 5 potions of curing
 Q - 2 potions of brilliance
 R - a potion of heal wounds
 T - a potion of invisibility
Miscellaneous
 o - a phantom mirror (inert)


   Skills:
 - Level 10.0 Fighting
 - Level 5.0 Axes
 - Level 5.0 Armour
 - Level 7.0 Dodging
 - Level 6.0 Stealth
 + Level 11.6 Shields
 - Level 9.0 Spellcasting
 - Level 19.0 Earth Magic
 - Level 12.0 Invocations
 - Level 8.0 Evocations


You had 21 spell levels left.
You knew the following spells:

 Your Spells              Type           Power      Damage    Failure   Level
a - Stone Arrow           Conj/Erth      88%        3d12      1%          3
b - Lee's Rapid Deconstr  Erth           34%        3d18*     1%          5
c - Leda's Liquefaction   Hex/Erth       22%        N/A       2%          4

Your spell library contained the following spells:

 Spells                   Type           Power      Damage    Failure   Level
 Animate Armour           Summ/Erth      88%        N/A       2%          4
 Foxfire                  Conj/Fire      32%        2x1d5     14%         1
 Corpse Rot               Necr/Air       16%        N/A       22%         2
 Poisonous Vapours        Pois/Air       16%        N/A       22%         2
 Scorch                   Fire           16%        2d6       22%         2
 Conjure Flame            Conj/Fire      8%         6-21      38%         3
 Ignite Poison            Fire/Tmut/Pois 8%         N/A       38%         3
 Inner Flame              Hex/Fire       8%         N/A       38%         3
 Mephitic Cloud           Conj/Pois/Air  8%         N/A       38%         3
 Tukima's Dance           Hex            8%         N/A       38%         3
 Iron Shot                Conj/Erth      22%        9d5       41%         6
 Statue Form              Tmut/Erth      29%        N/A       41%         6
 Flame Wave               Conj/Fire      8%         2d5       80%         4
 Fulminant Prism          Conj/Hex       4%         3d6       80%         4
 Iskenderun's Mystic Bla  Conj/Tloc      8%         2d4       80%         4
 Passage of Golubria      Tloc           8%         N/A       80%         4
 Blade Hands              Tmut           4%         N/A       98%         5
 Freezing Cloud           Conj/Ice/Air   4%         6-21      98%         5
 Irradiate                Conj/Tmut      4%         3d14      98%         5
 Iskenderun's Battlesphe  Conj           8%         2d6       98%         5
 Yara's Violent Unravell  Hex/Tmut       4%         3d4       98%         5
 Shatter                  Erth           34%        3d28*     99%         9
 Summon Cactus Giant      Summ           4%         N/A       100%        6
 Dragon Form              Tmut           4%         N/A       100%        7
 Spellforged Servitor     Conj/Summ      4%         N/A       100%        7
 Lehudib's Crystal Spear  Conj/Erth      22%        10d6      100%        8
 Chain Lightning          Conj/Air       4%         3d5       100%        9
 Fire Storm               Conj/Fire      4%         8d1       100%        9


Dungeon Overview and Level Annotations

Branches:
Dungeon (13/15)            Temple (1/1) D:7            Lair (6/6) D:8
  Swamp (0/4) Lair:4        Snake (0/4) Lair:4        Slime (0/5) Lair:5
    Orc (2/2) D:9             Elf (0/3) Orc:2         Sewer (visited)
Volcano (visited)
 Vaults: D:13-14

Altars:
Ashenzari
Cheibriados
Dithmenos
Fedhas
Hepliaklqana
Kikubaaqudgha
Ru
Sif Muna
Trog
Vehumet
Wu Jian
Xom
Beogh
Jiyva

Shops:
D:2 (   D:3 :*   D:7 :   D:8 *   Orc:1 [*   Orc:2 =?(?

Annotations:
D:11 1 runed translucent door
D:13 Sonja


Innate Abilities, Weirdness & Mutations

You cannot be hasted, slowed, berserked, paralysed or teleported.
You can dig through walls and to a lower floor.
You have a pair of large antennae on your head. (SInv)
Your four strong arms can wield two-handed weapons with a shield.
You are strong-willed. (Will+)
Your natural rate of healing is unusually fast.


Message History

Your spectral weapon shares its damage with you!
The catoblepas gores you!! The catoblepas gores you.
The boulder beetle waves its antennae.
The boulder beetle bites your +3 spectral quarterstaff!!
Your spectral weapon shares its damage with you!
Your +3 spectral quarterstaff fades away.
Your ballistomycete spore is engulfed in calcifying dust.
Your ballistomycete spore is moving more slowly.
Your ballistomycete spore explodes!
The catoblepas appears confused.
The explosion of spores engulfs the catoblepas!!!
You kill the catoblepas!
Fedhas appreciates your contribution to the ecosystem.
The explosion of spores engulfs you!!
You are confused.
* * * LOW HITPOINT WARNING * * *
Fedhas protects your plant from harm. x2
You have turned to stone.
A ballistomycete spore comes into view.
Your ballistomycete spore explodes!
The explosion of spores engulfs you!!
* * * LOW HITPOINT WARNING * * *
The boulder beetle appears confused.
The explosion of spores engulfs the boulder beetle!!
The boulder beetle is heavily wounded.
The explosion of spores engulfs the war gargoyle!
The war gargoyle is moderately damaged.
Fedhas protects your plant from harm.
A ballistomycete spore comes into view.
Sonja is no longer petrified.
The war gargoyle hits you with a +5 morningstar of protection!!
* * * LOW HITPOINT WARNING * * *
The boulder beetle bites you!
* * * LOW HITPOINT WARNING * * *
The war gargoyle hits you with a +5 morningstar of protection!
* * * LOW HITPOINT WARNING * * *
You feel less confused.
The boulder beetle seems less confused.
The five-headed hydra bites you.
You die...
Fedhas appreciates your contribution to the ecosystem.

......>..###..........#
.........#.'..........#
.........'.#..........#
.........###..........#
.........# #..).<.....#
####'##### ####..######
.....# ##.^.#####
####### #........#
......#### #B@*P....#
......'..## #.D9>....#
......##..# ###9###≈.#
......###.####
.{K).##.# ......#
#....#.......#.#
......#
######.......#.#
......# ##.....##.#
......# ###)###≈.#
####### #.#8≈≈##


You could see a boulder beetle (ally target), a five-headed hydra, a war
gargoyle, Sonja, a gargoyle, a friendly ballistomycete (summoned) and a friendly
ballistomycete spore.

Vanquished Creatures
  The ghost of spaghetti the Nimble, a journeyman OpDe of Ru (D:11)
  5 hydras
  A catoblepas (D:13)
  Erolcha (Orc:2)
  2 ogre magi (Orc:2)
  3 centaur warriors (D:13)
  3 two-headed ogres
  5 death yaks
  A tengu warrior (D:13)
  Nergalle (Orc:2)
  A skeletal warrior (D:13)
  Pikel (D:7)
  An orc knight (Orc:1)
  2 anaconda skeletons (Volcano)
  4 cyclopes
  An ugly thing (D:12)
  8 orc sorcerers
  13 elephants
  An ice statue (D:11)
  A manticore (D:12)
  Joseph (D:7)
  A torpor snail (Lair:6)
  The ghost of SirDiesAlot the Magician, a novice DEHu of Okawaru (D:6)
  Maurice (D:13)
  6 black mambas
  5 gargoyles
  Maggie (D:7)
  11 komodo dragons
  15 cane toads
  2 unseen horrors
  3 kobold demonologists
  4 rime drakes
  A polar bear (Lair:3)
  10 trolls
  4 tyrant leeches (Lair:6)
  41 blink frogs
  Grinder (D:3)
  4 dream sheep
  A centaur simulacrum (D:11)
  3 flying skulls (Volcano)
  Sigmund (D:4)
  A spriggan (shapeshifter) (D:10)
  3 shadows
  An alligator skeleton (Volcano)
  3 wraiths
  37 yaks
  5 wyverns
  2 basilisks
  A steam dragon (Lair:6)
  15 vampire mosquitoes
  2 wargs
  4 nagas (Lair:4)
  An acid dragon (D:10)
  12 water moccasins
  A swamp drake (Lair:5)
  14 orc warriors
  5 ice beasts
  6 black bears
  A sky beast (D:7)
  9 ogres
  7 wolves (Lair:5)
  10 centaurs
  3 phantoms
  A lemure (D:7)
  2 kobold brigands
  7 gnoll sergeants
  11 bullfrogs
  2 necrophages
  A scorpion (D:4)
  24 wights
  8 killer bees
  A spriggan skeleton (Volcano)
  2 vampire bats (D:8)
  2 electric eels
  7 howler monkeys
  3 gnoll shamans
  Crazy Yiuf (D:3)
  5 hounds
  A jelly (D:5)
  15 orc priests
  Ijyb (D:4)
  3 iguanas
  38 orc wizards
  8 ogre zombies (D:9)
  A naga skeleton (Volcano)
  37 gnolls
  A river rat (Sewer)
  7 adders
  A shadow imp (D:6)
  4 white imps (D:11)
  An ufetubus (D:5)
  2 worms
  A dart slug (D:2)
  67 orcs
  17 bats
  3 bat skeletons (D:8)
  4 bat zombies (D:8)
  4 endoplasms
  5 giant cockroaches
  5 goblins
  7 hobgoblins
  3 jackals (D:1)
  5 quokkas
  5 ball pythons
  5 frilled lizards (Sewer)
  5 goblin skeletons (D:9)
  2 goblin zombies (D:9)
  A hobgoblin zombie (D:9)
  5 kobolds
  3 orc skeletons (D:9)
  14 orc zombies (D:9)
  A quokka zombie (D:8)
  8 rats
  A rat zombie (D:8)
  2 ballistomycete spores (Lair:3)
686 creatures vanquished.

Vanquished Creatures (collateral kills)
  An elephant (Lair:6)
  A cane toad (Lair:6)
  2 blink frogs (Lair:6)
  A tyrant leech (Lair:4)
  3 yaks (Lair:6)
  3 vampire mosquitoes
  A black bear (D:6)
  A phantom (D:6)
  A wight (D:8)
  17 killer bees
  An orc wizard (Orc:2)
  2 orcs (D:8)
  A kobold (D:4)
  24 ballistomycete spores
59 creatures vanquished.

Vanquished Creatures (others)
  2 cane toads (Lair:6)
  A komodo dragon (Lair:5)
  A queen bee (D:9)
  A vampire mosquito (D:6)
  A warg (D:8)
  A howler monkey (D:7)
  3 orc wizards
  A ballistomycete spore (D:8)
  A bush (Lair:6)
  52 fungi
  140 plants
  10 toadstools (Lair:5)
214 creatures vanquished.

Grand Total: 959 creatures vanquished

Notes
Turn   | Place    | Note
-------+----------+-------------------------------------------
     0 | D:1      | enile the Formicid Fighter began the quest for the Orb.
     0 | D:1      | Reached XP level 1. HP: 18/18 MP: 1/1
   210 | D:1      | Found a faded altar of an unknown god.
   222 | D:1      | Prayed at the altar of an unknown god.
   222 | D:1      | Became a worshipper of Fedhas Madash
   222 | D:1      | Reached * piety under Fedhas
   300 | D:1      | Reached XP level 2. HP: 20/24 MP: 2/2
   918 | D:2      | Reached XP level 3. HP: 27/29 MP: 3/3
  1130 | D:2      | Found Pemu's Weapon Shop.
  1188 | D:2      | Reached ** piety under Fedhas
  1408 | D:2      | Reached XP level 4. HP: 37/37 MP: 4/4
  1483 | D:3      | Found Coar's General Store.
  1488 | D:3      | Bought a scroll of identify for 20 gold pieces
  1565 | D:3      | Found a shimmering altar of Xom.
  1621 | D:3      | Bought 3 curare-tipped darts for 18 gold pieces
  1732 | D:3      | Found Kuonk's Book Shop.
  2154 | D:3      | Found a runed translucent door.
  2155 | D:3      | Noticed Crazy Yiuf
  2196 | D:3      | Noticed Grinder
  2210 | D:3      | Killed Grinder
  2211 | D:3      | Reached skill level 5 in Shields
  2211 | D:3      | Reached XP level 5. HP: 15/43 MP: 0/5
  2211 | D:3      | Reached XP level 6. HP: 18/49 MP: 0/6
  2984 | D:3      | Killed Crazy Yiuf
  2985 | D:3      | Reached skill level 1 in Invocations
  3156 | D:4      | Reached XP level 7. HP: 44/55 MP: 7/9
  3249 | D:4      | Noticed Sigmund
  3261 | D:4      | Killed Sigmund
  3461 | D:4      | Reached skill level 5 in Invocations
  3461 | D:4      | Reached skill level 5 in Fighting
  3588 | D:4      | Found an ornate altar of the Wu Jian Council.
  3591 | D:4      | Found a shimmering blue altar of Sif Muna.
  3697 | D:4      | Reached skill level 5 in Armour
  3697 | D:4      | Reached skill level 1 in Stealth
  3912 | D:4      | Reached XP level 8. HP: 62/62 MP: 11/11
  3964 | D:4      | Noticed Ijyb
  3982 | D:4      | Killed Ijyb
  4258 | D:5      | Entered Level 5 of the Dungeon
  4552 | D:4      | Reached skill level 5 in Axes
  4552 | D:4      | Reached skill level 1 in Evocations
  5459 | D:5      | Found a broken altar of Ashenzari.
  6017 | D:5      | Reached *** piety under Fedhas
  6018 | D:5      | Reached skill level 5 in Evocations
  6132 | D:6      | Reached skill level 2 in Earth Magic
  6145 | D:6      | Found a transporter.
  6148 | D:6      | Found a transporter.
  6160 | D:6      | Identified the +2 buckler of the Morning {rN+}
  6180 | D:6      | Reached XP level 9. HP: 54/66 MP: 9/12
  6206 | D:6      | Reached skill level 3 in Earth Magic
  6237 | D:6      | Reached skill level 4 in Earth Magic
  6250 | D:6      | Reached skill level 5 in Earth Magic
  6410 | D:6      | Found a glowing drain.
  6415 | Sewer    | Entered a sewer
  6986 | D:6      | Noticed SirDiesAlot's ghost (novice DEHu)
  7470 | D:6      | Found a snail-covered altar of Cheibriados.
  8198 | D:7      | Noticed Maggie
  8527 | D:7      | Noticed Joseph
  8545 | D:7      | Killed Joseph
  8742 | D:7      | Reached skill level 5 in Dodging
  8742 | D:7      | Reached skill level 1 in Spellcasting
  8764 | D:7      | Noticed Pikel
  8794 | D:7      | Killed Pikel
  8795 | D:7      | Reached skill level 6 in Earth Magic
  8795 | D:7      | Reached XP level 10. HP: 44/74 MP: 7/13
  8989 | D:7      | Reached skill level 7 in Earth Magic
  9280 | D:7      | Found Goes's Book Emporium.
  9758 | D:7      | Killed Maggie
  9759 | D:7      | Reached skill level 8 in Earth Magic
 10380 | D:7      | Found a staircase to the Ecumenical Temple.
 10493 | Temple   | Entered the Ecumenical Temple
 11027 | D:7      | Bought a book of the Earth for 396 gold pieces
 11033 | D:7      | Learned a level 5 spell: Lee's Rapid Deconstruction
 11212 | D:8      | Reached skill level 9 in Earth Magic
 11243 | D:8      | Identified the ring of Fixation {rF+ rC+ Str+2 Int+3}
 11252 | D:8      | Found a staircase to the Lair.
 11260 | D:8      | Reached **** piety under Fedhas
 11402 | D:8      | Reached skill level 10 in Earth Magic
 11417 | D:8      | Gained mutation: You are clumsy. (Dex -2) [potion of
                  | mutation]
 11417 | D:8      | Gained mutation: Your body sometimes deteriorates upon
                  | taking damage. [potion of mutation]
 11417 | D:8      | Gained mutation: Your flesh is cold resistant. (rC+)
                  | [potion of mutation]
 11968 | D:7      | HP: 4/108 [killer bee (2)]
 12296 | D:7      | Learned a level 3 spell: Stone Arrow
 12670 | D:8      | Found an ancient bone altar of Kikubaaqudgha.
 12841 | D:8      | Found Seecluic's Neck Hole.
 12862 | D:8      | Reached XP level 11. HP: 66/79 MP: 2/14
 12864 | D:8      | Reached skill level 11 in Earth Magic
 13102 | D:8      | Found a bloodstained altar of Trog.
 13282 | D:8      | Identified a scroll of acquirement
 13283 | D:8      | Acquired the ring "Zavoj" {EV+4 Str+4 Stlth-}
 13651 | D:8      | Reached ***** piety under Fedhas
 14415 | D:8      | Reached skill level 5 in Spellcasting
 14916 | D:9      | Found a staircase to the Orcish Mines.
 15561 | D:9      | Reached skill level 12 in Earth Magic
 16204 | D:9      | Acquired a +2 kite shield of protection
 16227 | D:10     | Entered Level 10 of the Dungeon
 16262 | D:10     | Reached skill level 13 in Earth Magic
 16384 | Lair:1   | Entered Level 1 of the Lair of Beasts
 17986 | Lair:2   | Reached XP level 12. HP: 57/91 MP: 15/21
 19357 | Lair:3   | Noticed a death yak
 19357 | Lair:3   | Noticed a death yak
 19358 | Lair:3   | Noticed a death yak
 19358 | Lair:3   | Noticed a death yak
 19370 | Lair:3   | Killed a death yak
 19370 | Lair:3   | Killed a death yak
 19375 | Lair:3   | Killed a death yak
 19378 | Lair:3   | Killed a death yak
 19585 | Lair:3   | Found a dark tunnel.
 19600 | Volcano  | Entered a volcano
 20278 | Volcano  | Reached skill level 5 in Stealth
 20725 | Volcano  | Noticed a skeletal warrior
 20929 | Lair:3   | Found a shimmering blue altar of Sif Muna.
 21077 | Lair:3   | Noticed a five-headed hydra
 21092 | Lair:3   | Reached XP level 13. HP: 70/96 MP: 14/22
 21101 | Lair:3   | Killed a five-headed hydra
 21102 | Lair:3   | Reached skill level 14 in Earth Magic
 22065 | Lair:3   | Reached skill level 15 in Earth Magic
 23229 | Lair:4   | Noticed a six-headed hydra
 23246 | Lair:4   | Killed a six-headed hydra
 23247 | Lair:4   | Reached skill level 16 in Earth Magic
 23258 | Lair:4   | Identified the +1 robe "Gataduik" {Will- Dex+6 Slay+5}
 23652 | Lair:4   | Found a staircase to the Swamp.
 23887 | Lair:4   | Found a staircase to the Snake Pit.
 24834 | Lair:5   | Found a blossoming altar of Fedhas.
 25720 | Lair:5   | Identified the +4 quarterstaff of the Last Friars {distort,
                  | *Rage rElec Str+9}
 26441 | Lair:5   | Noticed a six-headed hydra
 26462 | Lair:5   | Killed a six-headed hydra
 26804 | Lair:5   | Reached XP level 14. HP: 103/103 MP: 19/26
 26925 | Lair:5   | Found a viscous altar of Jiyva.
 26925 | Lair:5   | Found a staircase to the Slime Pits.
 27078 | Lair:6   | Entered Level 6 of the Lair of Beasts
 27832 | Lair:6   | Reached skill level 17 in Earth Magic
 28301 | Lair:6   | Reached skill level 18 in Earth Magic
 29570 | Lair:6   | Reached skill level 19 in Earth Magic
 31046 | D:6      | Reached ****** piety under Fedhas
 31051 | D:6      | Killed SirDiesAlot's ghost
 31442 | Orc:1    | Entered Level 1 of the Orcish Mines
 31549 | Orc:1    | Reached XP level 15. HP: 88/108 MP: 1/28
 31678 | Orc:1    | Found Cuitui's Overcharged Wands.
 32095 | Orc:1    | Found Cini's Armour Boutique.
 32259 | Orc:2    | Entered Level 2 of the Orcish Mines
 32279 | Orc:2    | Reached skill level 10 in Invocations
 32484 | Orc:2    | Found a staircase to the Elven Halls.
 33340 | Orc:2    | Found Resoi's Jewellery Boutique.
 33405 | Orc:2    | Found Tuisuw's Magic Scroll Shop.
 33460 | Orc:2    | Noticed Nergalle
 33941 | Orc:2    | Killed Nergalle
 34233 | Orc:2    | Noticed Erolcha
 34238 | Orc:2    | Killed Erolcha
 34449 | Orc:2    | Found a radiant altar of Vehumet.
 34586 | Orc:2    | Found Plog's Antique Weapon Shop.
 34790 | Orc:2    | Found Gappomoa's Magic Scroll Boutique.
 34813 | Orc:2    | Bought a scroll of enchant armour for 82 gold pieces
 34813 | Orc:2    | Bought a scroll of noise for 11 gold pieces
 34854 | Orc:2    | Found an ancient bone altar of Kikubaaqudgha.
 35764 | D:10     | Found a shadowy altar of Dithmenos.
 35997 | D:10     | Lost mutation: You are clumsy. (Dex -2) [potion of
                  | mutation]
 35997 | D:10     | Lost mutation: Your body sometimes deteriorates upon taking
                  | damage. [potion of mutation]
 35997 | D:10     | Lost mutation: Your flesh is cold resistant. (rC+) [potion
                  | of mutation]
 35997 | D:10     | Gained mutation: You expend magic power (3 MP) to
                  | strengthen your wands. [potion of mutation]
 35997 | D:10     | Gained mutation: You are dopey. (Int -2) [potion of
                  | mutation]
 35997 | D:10     | Gained mutation: You are resistant to electric shocks.
                  | (rElec) [potion of mutation]
 35998 | D:10     | Lost mutation: You are resistant to electric shocks.
                  | (rElec) [potion of mutation]
 35998 | D:10     | Lost mutation: You expend magic power (3 MP) to strengthen
                  | your wands. [potion of mutation]
 35998 | D:10     | Gained mutation: Your natural rate of healing is unusually
                  | fast. [potion of mutation]
 35998 | D:10     | Lost mutation: You are dopey. (Int -2) [potion of mutation]
 35998 | D:10     | Gained mutation: You are strong-willed. (Will+) [potion of
                  | mutation]
 36652 | D:10     | Identified the +10 war axe "Doithiy" {vorpal, rPois rCorr
                  | Int+2}
 36733 | D:10     | Cast into level 2 of the Abyss (unwielding a weapon of
                  | distortion)
 36743 | Abyss:2  | Learned a level 4 spell: Leda's Liquefaction
 36806 | Abyss:2  | Noticed a tentacled monstrosity
 36829 | D:10     | Escaped the Abyss
 37537 | D:11     | Found a runed translucent gate.
 37537 | D:11     | Found a runed translucent gate.
 37537 | D:11     | Found a runed translucent gate.
 37552 | D:11     | Reached skill level 10 in Fighting
 37740 | D:11     | Found a runed translucent door.
 37750 | D:11     | Found a runed translucent door.
 37765 | D:11     | Found a runed translucent door.
 37830 | D:11     | Found a runed translucent door.
 38628 | D:11     | Noticed spaghetti's ghost (journeyman OpDe)
 38683 | D:11     | Killed spaghetti's ghost
 39607 | D:12     | Found the necklace of Bloodlust {*Rage Will++ Int-3 Slay+6}
 39628 | D:12     | Reached skill level 10 in Shields
 40532 | D:13     | Found a runed translucent door.
 40537 | D:13     | Noticed Sonja
 40638 | D:13     | Reached XP level 16. HP: 56/122 MP: 11/29
 40906 | D:13     | Noticed Maurice
 40911 | D:13     | Killed Maurice
 41032 | D:13     | HP: 1/122 [war gargoyle/+5 morningstar of protection (8)]
 41033 | D:13     | Slain by a five-headed hydra

Illustrated notes

Levels and vault maps discovered:
D:1:      ncdulo_lavacross, layout_basic,
          shapermc_ecumenical_altar_starsandcircs
D:2:      layout_rooms, serial_shops, nicolae_shop_behind_doors
D:3:      layout_basic, lemuel_doored_altar, serial_curves, eino_curves_02,
          eino_curves_03, eino_curves_02, eino_curves_03, serial_shops,
          nicolae_shop_trees, nicolae_shop_hallway_plus,
          minmay_misc_feat_rugged, uniq_crazy_yiuf_cottage, uniq_grinder
D:4:      layout_loops_ring, mainiacjoe_overflow_chevrons,
          nicolae_overflow_crystal_walls, uniq_ijyb, uniq_sigmund
D:5:      layout_cave_pools, ashenzari_altar_1, dk_noncrumbling_3
D:6:      layout_layer_cave, kennysheep_mini, gup_sewer_entry_bowl,
          gammafunk_ghost_gnarly_gnolls
D:7:      layout_loops_ring, minmay_temple_entry_offerings, serial_shops,
          nicolae_diamond_shop, minivault_4,
          minmay_a_box_with_orc_wizards_in_it, uniq_joseph, uniq_pikel,
          uniq_maggie
D:8:      layout_loops_ring, trog_book, kennysheep_vampire_church,
          erik_lair_orcish_takeover, enter_ossuary_4,
          nicolae_shop_sticking_my_neck_out
D:9:      layout_rooms, zombieorc2_lemuel, nicolae_looking_at_the_future
D:10:     kennysheep_windowed_halls, layout_long_grid, grunt_dithmenos_smoke
D:11:     layout_rooms, gammafunk_ghost_icy, minmay_statue_crystal_thing
D:12:     layout_basic, special_room [special_room_orc]
D:13:     layout_roguey, lightli_airlock, uniq_maurice, uniq_sonja
Temple:   nicolae_temple_great_sept
Lair:1:   layout_roguey, roderic_batcave, minmay_holes, st_stairs_7
Lair:2:   layout_cave_pods, beast_lair_carwin_4
Lair:3:   layout_regular_city, enter_volcano_2, basic_altar
Lair:4:   layout_cave_shapes, minmay_swamp_entry_worms,
          minmay_snake_entry_guardpost_small, lemuel_fruit_tree,
          infiniplex_staircase_pool_2
Lair:5:   wad_woods_structure_01, layout_big_grid, slime_altar_1, tgw_fedhas
Lair:6:   minmay_lair_end_frog_pond, layout_concentric_octagons,
          guppyfry_lair_drakes
Orc:1:    layout_diamond_mine, basic_altar, serial_shops, shop,
          nicolae_shop_overcharged_wands
Orc:2:    kennysheep_orc_mage_school, layout_diamond_mine

Skill      XL: |  1  2  3  4  5  6  7  8  9 10 11 12 13 14 15 16 |
---------------+-------------------------------------------------+-----
Shields        | 4 5 8 10 11 | 11.6
Armour         | 4 5 |  5.0
Fighting       | 4 5 7 10 | 10.0
Axes           | 3 5 |  5.0
Invocations    | 2 5 8 9 12 | 12.0
Stealth        | 2 3 6 |  6.0
Evocations     | 5 7 8 |  8.0
Earth Magic    | 2 6 10 13 16 19 | 19.0
Dodging        | 5 7 |  7.0
Spellcasting   | 2 6 8 9 |  9.0

Action                   |  1- 3 |  4- 6 |  7- 9 | 10-12 | 13-15 | 16-18 || total
-------------------------+-------+-------+-------+-------+-------+-------++-------
Melee: War axe           |    73 |    71 |   251 |   196 |       |       ||   591
       Battleaxe         |       |       |       |   177 |   104 |       ||   281
       Quarterstaff      |       |       |       |   113 |   432 |    14 ||   559
       Punch             |       |       |       |     3 |       |       ||     3
 Fire: Hunting sling     |       |       |     2 |       |       |       ||     2
Throw: Dart              |       |     5 |    15 |    13 |       |       ||    33
       Javelin           |       |       |       |       |    20 |       ||    20
       Throwing net      |       |       |       |       |     2 |       ||     2
 Cast: Stone Arrow       |       |       |       |    35 |   151 |       ||   186
       Lee's Rapid Decon |       |       |       |    37 |   209 |     6 ||   252
       Leda's Liquefacti |       |       |       |       |     4 |       ||     4
Invok: Wall of Briars    |       |     1 |     4 |    10 |    13 |       ||    28
       Grow Ballistomyce |       |       |     1 |     4 |     3 |     1 ||     9
 Abil: Dig               |       |       |     2 |     2 |     2 |       ||     6
Evoke: Wand              |       |       |     8 |    24 |    33 |       ||    65
       Phantom mirror    |       |       |       |       |     2 |     1 ||     3
  Use: Scroll            |     1 |       |     7 |    13 |    11 |       ||    32
       Potion            |       |     1 |     6 |     7 |    12 |       ||    26
 Stab: Distracted        |       |       |       |     2 |     3 |     1 ||     6
       Paralysed         |       |       |       |     4 |       |       ||     4
       Sleeping          |       |       |       |     1 |     5 |     1 ||     7
       Confused          |       |       |       |     1 |       |       ||     1
       Petrified         |       |       |       |       |       |     1 ||     1
Armor: Scale mail        |    32 |    37 |    86 |       |       |       ||   155
       Skin              |       |       |     4 |     1 |       |       ||     5
       Leather armour    |       |       |     1 |   139 |       |       ||   140
       Steam dragon scal |       |       |       |    15 |    21 |       ||    36
       Robe              |       |       |       |       |    83 |     3 ||    86
Dodge: Dodged            |    34 |    30 |   150 |   618 |   477 |     8 ||  1317
Block: Buckler           |    17 |    19 |    81 |    51 |       |       ||   168
       Kite shield       |       |       |       |    88 |   566 |    12 ||   666

Table legend: (Time is in decaauts)
 A = Elapsed time spent in this place.
 B = Non-inter-level travel time spent in this place.
 C = Inter-level travel time spent in this place.
 D = Time resting spent in this place.
 E = Time spent auto-exploring this place.
 F = Levels seen in this place.
 G = Mean time per level.
                   A        B        C        D        E       F      G
               +--------+--------+--------+--------+--------+-----+--------+
         Total |  41812 |  40144 |   1668 |   6089 |  27498 |  25 | 1672.5 |
       Dungeon |  22117 |  21042 |   1075 |   2505 |  15031 |  13 | 1701.3 |
        Temple |    166 |    166 |      0 |    158 |      0 |   1 |  166.0 |
          Lair |  13600 |  13177 |    423 |   2058 |   9157 |   6 | 2266.7 |
  Orcish Mines |   3981 |   3812 |    169 |    790 |   2460 |   2 | 1990.5 |
         Abyss |     94 |     94 |      0 |      0 |      0 |   1 |   94.0 |
         Sewer |    542 |    542 |      0 |      0 |    391 |   1 |  542.0 |
       Volcano |   1308 |   1308 |      0 |    578 |    458 |   1 | 1308.0 |
               +--------+--------+--------+--------+--------+-----+--------+

Top non-repeatable levels by time:
  Lair:5: 3434 daAuts
  Lair:6: 3312 daAuts
     D:8: 3258 daAuts
     D:7: 3228 daAuts
   Orc:2: 2849 daAuts
  Lair:3: 2570 daAuts
     D:6: 2210 daAuts
    D:10: 1894 daAuts
     D:3: 1691 daAuts
     D:4: 1656 daAuts
  Lair:2: 1609 daAuts
    D:11: 1515 daAuts
     D:5: 1473 daAuts
     D:9: 1452 daAuts
  Lair:1: 1415 daAuts
